 Dungeon Crawl Stone Soup version 0.28.0-53-g5a82cb258f (webtiles) character file.

Game seed: 9574431697367895440

17112 firemarshallily the Grappler (level 12, -7/112 HPs)
             Began as a Ghoul Gladiator on Aug 24, 2022.
             Was an Initiate of Yredelemnul.
             Mangled by a skeletal warrior
             ... wielding a +1 vorpal war axe
              (8 damage)
             ... on level 12 of the Dungeon on Aug 26, 2022.
             The game lasted 00:41:26 (12098 turns).

firemarshallily the Grappler (Ghoul Gladiator)     Turns: 12098, Time: 00:41:27

Health: -7/112     AC:  7    Str: 21    XL:     12   Next: 44%
Magic:  20/20      EV: 17    Int:  3    God:    Yredelemnul [......]
Gold:   65         SH:  0    Dex: 18    Spells: 11/11 levels left

rFire   . . .      SeeInvis .     - Unarmed
rCold   + . .      Faith    .   (no shield)
rNeg    + + +      Spirit   .   N - +0 steam dragon scales
rPois   ∞          Reflect  .   b - +0 helmet
rElec   .          Harm     .   s - scarf {repulsion}
rCorr   .          Rampage  .   (no gloves)
Will    .....                   (no boots)
Stlth   ++........              A - amulet of regeneration
HPRegen 0.00/turn               d - ring of magical power
MPRegen 0.17/turn               j - +6 ring of dexterity

@: inhibited regen, repel missiles
A: claws 1, cold resistance 1, negative energy resistance 3, inhibited
regeneration, torment resistance 2
a: Renounce Religion, Recall Undead Harvest


You were on level 12 of the Dungeon.
You worshipped Yredelemnul.
Yredelemnul was noncommittal.
You visited 1 branch of the dungeon, and saw 12 of its levels.

You collected 635 gold pieces.
You spent 570 gold pieces at shops.

Inventory:

Missiles
 c - 3 throwing nets
 u - 212 stones (quivered)
 y - 17 boomerangs
 L - 3 poisoned darts
Armour
 b - a +0 helmet (worn)
 i - a +0 ring mail
 s - a scarf of repulsion (worn)
 N - +0 steam dragon scales (worn)
Jewellery
 d - a ring of magical power (left claw)
 j - a +6 ring of dexterity (right claw)
 x - a +6 ring of intelligence
 A - an amulet of regeneration (around neck)
Wands
 a - a wand of flame (11)
 w - a wand of iceblast (12)
 E - a wand of acid (12)
 G - a wand of mindburst (17)
 K - a wand of polymorph (9)
Scrolls
 e - a scroll of vulnerability {unknown}
 f - a scroll of holy word {unknown}
 h - 2 scrolls of blinking
 m - 8 scrolls of identify
 n - 3 scrolls of magic mapping
 v - 2 scrolls of fog {unknown}
 z - a scroll of acquirement {unknown}
 F - a scroll of fear {unknown}
 I - a scroll of teleportation
 J - a scroll of enchant armour {unknown}
 M - a scroll of torment {unknown}
Potions
 g - 5 potions of haste
 k - a potion of ambrosia {unknown}
 l - 4 potions of heal wounds
 o - 4 potions of flight
 p - 3 potions of curing
 q - 2 potions of resistance
 r - 3 potions of might {unknown}
 B - a potion of brilliance {unknown}
 C - 3 potions of attraction {unknown}
 H - a potion of experience {unknown}


   Skills:
 * Level 12.1 Fighting
 - Level 1.7 Throwing
 + Level 5.2 Armour
 - Level 9.0 Dodging
 + Level 14.4 Unarmed Combat


You had 11 spell levels left.
You didn't know any spells.
Your spell library contained the following spells:

 Spells                   Type           Power      Damage    Failure   Level
 Animate Skeleton         Necr           0%         N/A       52%         1
 Apportation              Tloc           0%         N/A       52%         1
 Freeze                   Ice            0%         1d3       52%         1
 Pain                     Necr           0%         1d4       52%         1
 Sandblast                Erth           0%         2d4       52%         1
 Summon Small Mammal      Summ           0%         N/A       52%         1
 Ensorcelled Hibernation  Hex/Ice        0%         N/A       67%         2
 Passwall                 Tmut/Erth      0%         N/A       67%         2
 Call Canine Familiar     Summ           0%         N/A       88%         3
 Dazzling Flash           Conj/Hex       0%         N/A       88%         3
 Frozen Ramparts          Ice            0%         1d2       88%         3
 Gell's Gravitas          Tloc           0%         N/A       88%         3
 Stone Arrow              Conj/Erth      0%         3d7       88%         3
 Summon Guardian Golem    Hex/Summ       0%         N/A       88%         3
 Swiftness                Air            0%         N/A       88%         3
 Teleport Other           Tloc           0%         N/A       88%         3
 Tukima's Dance           Hex            0%         N/A       88%         3
 Vampiric Draining        Necr           0%         2d6       88%         3
 Anguish                  Hex/Necr       0%         N/A       99%         4
 Fulminant Prism          Conj/Hex       0%         3d6       99%         4
 Hailstorm                Conj/Ice       0%         3d3       99%         4
 Iskenderun's Mystic Bla  Conj/Tloc      0%         2d3       99%         4
 Lee's Rapid Deconstruct  Erth           0%         3d5*      100%        5
 Dispersal                Tloc           0%         N/A       100%        6
 Simulacrum               Ice/Necr       0%         N/A       100%        6
 Starburst                Conj/Fire      0%         6d3       100%        6
 Enfeeble                 Hex            0%         N/A       100%        7
 Summon Hydra             Summ           0%         N/A       100%        7
 Sublimation of Blood     Necr           Unusable   N/A       N/A         2
 Wereblood                Tmut           Unusable   N/A       N/A         2
 Ice Form                 Ice/Tmut       Unusable   N/A       N/A         4

Dungeon Overview and Level Annotations

Branches:
Dungeon (12/15)            Temple (0/1) D:5            Lair (0/6) D:11
    Orc (0/2) D:9

Altars:
Ashenzari
Cheibriados
Gozag
Hepliaklqana
Nemelex Xobeh
Okawaru
Qazlal
Sif Muna
Trog
Vehumet
Wu Jian
Xom
Yredelemnul

Shops:
D:1 ?   D:11 !


Innate Abilities, Weirdness & Mutations

You thrive by killing the living.
You are immune to poison.
You have sharp fingernails.
Your flesh is cold resistant. (rC+)
You are immune to negative energy. (rN+++)
You do not regenerate when monsters are visible.
You are immune to unholy pain and torment.


Message History

You open the door. 4 skeletal warriors come into view.
A skeletal warrior is wielding a +1 vorpal war axe.
Found a stone staircase leading up.
You close the door.
As you read the scroll labelled FOTYBL HAQUSS, it crumbles to dust.
It is a scroll of identify.
h - 2 scrolls of blinking A skeletal warrior opens the door.
The skeletal warrior completely misses you.
You scratch the skeletal warrior but do no damage.
The skeletal warrior hits you with a +1 vorpal war axe!
You claw the skeletal warrior!
The skeletal warrior is lightly damaged.
The skeletal warrior hits you from afar with a +0 trident.
The skeletal warrior hits you with a +1 vorpal war axe!!
You claw the skeletal warrior! You claw the skeletal warrior.
The skeletal warrior is moderately damaged.
The skeletal warrior misses you.
You barely miss the skeletal warrior.
The skeletal warrior is moderately damaged.
The skeletal warrior misses you.
You claw the skeletal warrior!
The skeletal warrior is heavily damaged.
The skeletal warrior misses you.
The skeletal warrior hits you with a +1 vorpal war axe.
You mangle the skeletal warrior!!
The skeletal warrior is almost destroyed.
The skeletal warrior hits you from afar with a +0 trident!
You closely miss the skeletal warrior.
The skeletal warrior is almost destroyed.
The skeletal warrior hits you with a +1 vorpal war axe!
* * * LOW HITPOINT WARNING * * *
x2 You scratch the skeletal warrior but do no damage.
The skeletal warrior is almost destroyed.
The skeletal warrior hits you from afar with a +0 trident!!
* * * LOW HITPOINT WARNING * * *
The skeletal warrior hits you with a +1 vorpal war axe!
You die...
Yredelemnul claims you as an undead slave.

. ##.##.###.# #...#
##..# ..
#.#.......##.....# #..##
.. ##.##.#######...##
#.... .# #.##.# #..##
##.## .# #.##.#######..#
#.## .# #.##..........#
#.#. >#####
#.......#####+# #...
.....# #######.# ...
###. ..##.# ### #@# z...
#. .###.# ##<###z# ...<.
##.
####.######...##z#......
####..
...........)....zz......
+.....
######.........#.#......
####.. ####
#.#####.#.#.##..... ##.
...# #.# ###.#.# #....
## .#.# #.# #####.#.#
#... # .#.# #.#
#....(..# #+# #


You could see 4 skeletal warriors.

Vanquished Creatures
  Erica (D:8)
  A two-headed ogre (D:8)
  A death yak (D:9)
  An ugly thing (D:11)
  A cyclops (D:11)
  2 gargoyles
  2 komodo dragons
  4 polar bears (D:9)
  3 shadows
  14 yaks
  2 wyverns
  A basilisk (D:11)
  2 steam dragons (D:9)
  A vampire mosquito (D:11)
  A water moccasin (D:6)
  A swamp drake (D:11)
  3 black bears
  4 orc warriors
  2 sky beasts
  2 ice beasts (D:9)
  A necrophage (D:7)
  5 wolves
  4 ogres
  7 centaurs
  A phantom (D:4)
  2 bullfrogs
  A gnoll sergeant (D:9)
  4 scorpions
  A water moccasin skeleton (D:4)
  10 killer bees
  7 wights
  A bullfrog zombie (D:7)
  A wyvern simulacrum (D:9)
  6 centaur zombies
  4 hounds
  2 jellies (D:7)
  A gnoll shaman (D:6)
  4 orc priests
  7 orc wizards
  A killer bee zombie (D:7)
  3 howler monkey zombies
  6 gnolls
  10 adders
  2 white imps
  2 ufetubi
  A worm (D:4)
  A dart slug (D:1)
  32 orcs
  5 ball pythons
  4 endoplasms
  2 giant cockroaches (D:2)
  8 goblins
  13 hobgoblins
  5 quokkas
  5 bats
  8 frilled lizards
  2 kobolds
  5 rats
233 creatures vanquished.

Vanquished Creatures (collateral kills)
  A boulder beetle (D:11)
  A gargoyle (D:10)
  A wyvern (D:11)
  7 yaks
  A basilisk (D:11)
  Grum (D:8)
  2 ice beasts (D:9)
  A centaur (D:11)
  A wyvern zombie (D:6)
  A scorpion (D:6)
  A wight (D:9)
  An electric eel (D:9)
  A hound (D:6)
  A centaur skeleton (D:6)
  2 jellies (D:7)
  A bullfrog skeleton (D:5)
  An orc wizard (D:7)
  A killer bee zombie (D:7)
  A centaur simulacrum (D:9)
  2 gnolls (D:6)
  An adder (D:2)
  2 white imps (D:9)
  An ufetubus (D:5)
  A dart slug (D:1)
  7 orcs
  An endoplasm (D:3)
  A ball python (D:2)
  A frilled lizard (D:2)
  A goblin (D:1)
  2 kobolds (D:2)
47 creatures vanquished.

Vanquished Creatures (others)
  A vampire mosquito zombie (D:11)
  A water moccasin zombie (D:6)
  A polar bear zombie (D:9)
  3 yak zombies
  A wolf zombie (D:8)
  A centaur zombie (D:7)
  5 killer bee zombies
  A sky beast zombie (D:6)
  3 hound zombies
  3 adder zombies
  2 spectral white imps
  3 gnoll zombies (D:9)
  2 ball python zombies
  A hobgoblin zombie (D:4)
  7 orc zombies
  14 plants (D:5)
49 creatures vanquished.

Grand Total: 329 creatures vanquished

Notes
Turn   | Place    | Note
-------+----------+-------------------------------------------
     0 | D:1      | firemarshallily the Ghoul Gladiator began the quest for the
                  | Orb.
     0 | D:1      | Reached XP level 1. HP: 17/17 MP: 0/0
   263 | D:1      | Found Asto's Magic Scroll Boutique.
   271 | D:1      | Reached XP level 2. HP: 22/25 MP: 1/1
   622 | D:1      | Found a basalt altar of Yredelemnul.
   656 | D:1      | Became a worshipper of Yredelemnul the Dark
   706 | D:1      | Reached XP level 3. HP: 30/30 MP: 2/2
   723 | D:1      | Reached * piety under Yredelemnul
   760 | D:1      | Found a faded altar of an unknown god.
   911 | D:1      | Reached skill level 1 in Armour
  1035 | D:2      | Reached skill level 4 in Unarmed Combat
  1504 | D:2      | Reached XP level 4. HP: 33/37 MP: 3/3
  2038 | D:3      | Found a basalt altar of Yredelemnul.
  2061 | D:3      | Reached XP level 5. HP: 35/45 MP: 4/4
  2682 | D:4      | Reached skill level 5 in Unarmed Combat
  2967 | D:4      | Noticed an ogre
  2978 | D:4      | Killed an ogre
  2979 | D:4      | Reached XP level 6. HP: 30/51 MP: 5/5
  3380 | D:4      | Found a snail-covered altar of Cheibriados.
  3434 | D:4      | Noticed a black bear
  3443 | D:4      | Killed a black bear
  3522 | D:5      | Entered Level 5 of the Dungeon
  3530 | D:5      | Found a bloodstained altar of Trog.
  3546 | D:5      | Reached skill level 6 in Unarmed Combat
  3546 | D:5      | Reached XP level 7. HP: 53/59 MP: 6/6
  3657 | D:5      | Found an opulent altar of Gozag.
  3855 | D:5      | Found a staircase to the Ecumenical Temple.
  3994 | D:5      | Reached ** piety under Yredelemnul
  4919 | D:6      | Reached XP level 8. HP: 67/67 MP: 7/7
  4922 | D:6      | Reached skill level 7 in Unarmed Combat
  4956 | D:6      | Reached skill level 5 in Fighting
  5181 | D:6      | Reached skill level 5 in Dodging
  5181 | D:6      | Reached skill level 8 in Unarmed Combat
  5779 | D:6      | Reached XP level 9. HP: 41/75 MP: 8/8
  6115 | D:6      | Reached skill level 9 in Unarmed Combat
  6534 | D:6      | Reached *** piety under Yredelemnul
  6805 | D:7      | Found a radiant altar of Vehumet.
  6825 | D:7      | Found an ornate altar of the Wu Jian Council.
  7470 | D:7      | Reached skill level 10 in Unarmed Combat
  7919 | D:8      | Noticed Erica
  7944 | D:8      | Noticed Grum
  7945 | D:8      | Noticed a two-headed ogre
  8234 | D:8      | Killed Erica
  8235 | D:8      | Reached skill level 11 in Unarmed Combat
  8235 | D:8      | Reached XP level 10. HP: 40/88 MP: 9/9
  8314 | D:8      | Killed Grum
  8391 | D:8      | Killed a two-headed ogre
  8540 | D:8      | Reached skill level 12 in Unarmed Combat
  8664 | D:8      | Found a stormy altar of Qazlal.
  9206 | D:9      | Reached XP level 11. HP: 97/97 MP: 10/10
  9364 | D:9      | Reached skill level 13 in Unarmed Combat
  9417 | D:9      | Noticed a death yak
  9432 | D:9      | Killed a death yak
 10087 | D:9      | Found a staircase to the Orcish Mines.
 10226 | D:10     | Entered Level 10 of the Dungeon
 10279 | D:10     | Reached skill level 10 in Fighting
 10544 | D:10     | Found a hazy altar of Hepliaklqana.
 10624 | D:10     | Found a shimmering blue altar of Sif Muna.
 10626 | D:10     | Found a sparkling altar of Nemelex Xobeh.
 10626 | D:10     | Found a shimmering altar of Xom.
 10626 | D:10     | Found a broken altar of Ashenzari.
 10627 | D:10     | Found an iron altar of Okawaru.
 10864 | D:11     | Noticed a cyclops
 10882 | D:11     | Killed a cyclops
 10981 | D:11     | Reached skill level 14 in Unarmed Combat
 10986 | D:11     | Reached XP level 12. HP: 72/110 MP: 11/11
 11033 | D:11     | Found Coyj's Distillery.
 11040 | D:11     | Bought 2 potions of haste for 300 gold pieces
 11040 | D:11     | Bought a potion of heal wounds for 75 gold pieces
 11040 | D:11     | Bought a potion of curing for 45 gold pieces
 11040 | D:11     | Bought a potion of haste for 150 gold pieces
 11238 | D:11     | Reached **** piety under Yredelemnul
 11378 | D:11     | Found a staircase to the Lair.
 11482 | D:11     | Noticed a boulder beetle
 11495 | D:11     | Killed a boulder beetle
 11496 | D:11     | Reached ***** piety under Yredelemnul
 11529 | D:11     | Reached skill level 5 in Armour
 12098 | D:12     | HP: 1/112 [skeletal warrior/+0 trident[a skeletal warrior]
                  | (22)]
 12098 | D:12     | Mangled by a skeletal warrior

Illustrated notes

Levels and vault maps discovered:
D:1:      eino_arrival_tree_alley, layout_rooms, serial_shops,
          nicolae_shop_statue_plus, shapermc_ecumenical_altar_venn,
          kennysheep_flooded_box, minmay_misc_feat_x, minivault_14,
          minmay_tromino_i4
D:2:      layout_loops_ring, minmay_joined_circles
D:3:      layout_basic, mainiacjoe_overflow_concentric_impassable
D:4:      layout_basic, slow_altar_2
D:5:      corexii_shack_village, layout_basic, nicolae_overflow_crystal_walls,
          nicolae_gozag_cash_rules_everything_around_me,
          minmay_temple_entry_drinking_statues, minmay_misc_feat_tower,
          serial_bayou_pond_c
D:6:      layout_basic, hangedman_decor_slide_cut, minmay_bent
D:7:      layout_loops_corners, mainiacjoe_overflow_catwalk_spiral,
          kennysheep_generic_room_8
D:8:      layout_rooms, mainiacjoe_overflow_six_doors_small,
          minmay_misc_feat_five, uniq_erica, uniq_grum
D:9:      layout_long_grid, orc_0_dummy, serial_ice, serial_ice_g, serial_ice_n,
          serial_ice_i, serial_ice_b, serial_ice_a, serial_ice_o, serial_ice_f,
          minmay_puff
D:10:     layout_rooms, grunt_temple_overflow_open,
          nicolae_hepliaklqana_hippocampus
D:11:     layout_roguey, erik_lair_dragon, serial_shops,
          nicolae_shop_advertising_works [nicolae_subvault_shop_adworks],
          minmay_starry_boxes
D:12:     layout_loops_corners

Skill      XL: |  1  2  3  4  5  6  7  8  9 10 11 12 |
---------------+-------------------------------------+-----
Armour         | 1 2 3 4 5 |  5.2
Dodging        | 3 4 5 6 7 8 9 |  9.0
Unarmed Combat | 4 5 6 8 11 12 14 | 14.4
Fighting       | 3 4 6 7 9 11 12 | 12.1
Throwing       | |  1.7

Action                   |  1- 3 |  4- 6 |  7- 9 | 10-12 || total
-------------------------+-------+-------+-------+-------++-------
Melee: Unarmed           |   105 |   125 |   318 |   377 ||   925
       Punch             |     1 |     2 |    16 |    46 ||    65
Invok: Recall Undead Har |       |       |     1 |     3 ||     4
       Dark Bargain      |       |       |       |     1 ||     1
Evoke: Wand              |       |       |       |     3 ||     3
  Use: Scroll            |       |     6 |       |     1 ||     7
       Potion            |       |       |    12 |       ||    12
 Stab: Sleeping          |       |     2 |     1 |       ||     3
       Distracted        |       |       |     2 |     3 ||     5
Armor: Leather armour    |    24 |    25 |    58 |    41 ||   148
       Steam dragon scal |       |       |       |    19 ||    19
Dodge: Dodged            |    69 |    76 |   196 |   281 ||   622
       Repelled          |       |       |     4 |     5 ||     9
